 Dungeon Crawl Stone Soup version 0.30.1-3-gfc49f6343a (webtiles) character file.

Game seed: 8659472462730119998

12830 Destapler the Grappler (level 11, 0/94 HPs)
             Began as a Ghoul Ice Elementalist on July 31, 2023.
             Was a Priest of Makhleb.
             Hit by a large rock thrown by a cyclops (15 damage)
             ... on level 2 of the Orcish Mines on Aug 3, 2023.
             The game lasted 02:00:02 (16780 turns).

Destapler the Grappler (Ghoul Ice Elementalist)    Turns: 16780, Time: 02:00:03

Health: 0/94       AC:  8    Str: 13    XL:     11   Next: 99%
Magic:  24/26      EV: 18    Int: 14    God:    Makhleb [***...]
Gold:   1185       SH:  0    Dex:  9    Spells: 10/19 levels left

rFire   . .          .
                       - Unarmed
rCold   + + +        (no shield)
rNeg    + + +        x - +3 leather armour
rPois   ∞            j - +0 helmet
rElec   .            h - +0 cloak
rCorr   .            (no gloves)
SInv    .            (no boots)
Will    .....        d - amulet of magic regeneration
Stlth   +++          q - +5 ring of evasion
HPRegen 0.00/turn    n - ring of Jealousy {+Blink rC++ MP+9}
MPRegen 0.60/turn

%: no passive effects
@: about to teleport, on blink cooldown, inhibited regen
A: claws 1, cold resistance 1, negative energy resistance 3, inhibited
regeneration, torment resistance 2, devour on kill
a: Renounce Religion, Evoke Blink, Minor Destruction, Lesser Servant of Makhleb


You were on level 2 of the Orcish Mines.
You worshipped Makhleb.
Makhleb was most pleased with you.
You visited 4 branches of the dungeon, and saw 15 of its levels.
You also visited: Sewer.

You collected 1485 gold pieces.
You spent 300 gold pieces at shops.

Inventory:

Armour
 h - a +0 cloak (worn)
 i - a scarf of resistance
 j - a +0 helmet (worn)
 o - a +2 leather armour of fire resistance
 x - a +3 leather armour (worn)
Jewellery
 d - an amulet of magic regeneration (around neck)
 n - the ring of Jealousy (right claw) {+Blink rC++ MP+9}
   (You found it on level 7 of the Dungeon)

   [ring of magical power]

   rC:        It greatly protects you from cold.
   MP:        It affects your magic capacity (+9).
   +Blink:    It lets you blink.
 q - a +5 ring of evasion (left claw)
Wands
 g - a wand of charming (4)
 p - a wand of mindburst (4)
 t - a wand of quicksilver (15)
 u - a wand of iceblast (13)
 D - a wand of polymorph (4)
Scrolls
 a - 2 scrolls of enchant armour {unknown}
 c - a scroll of fear
 e - a scroll of enchant weapon {unknown}
 k - 4 scrolls of immolation {unknown}
 l - a scroll of torment {unknown}
 m - 2 scrolls of brand weapon {unknown}
 r - a scroll of acquirement {unknown}
 s - 6 scrolls of poison
 v - a scroll of vulnerability
 w - 3 scrolls of teleportation
 y - 2 scrolls of magic mapping {unknown}
 G - a scroll of fog {unknown}
 H - a scroll of blinking
Potions
 b - 8 potions of flight
 f - a potion of haste
 z - a potion of cancellation
 A - 3 potions of curing
 B - a potion of berserk rage {unknown}
 E - a potion of brilliance
Miscellaneous
 C - a condenser vane


   Skills:
 - Level 8.0 Fighting
 - Level 4.0 Armour
 - Level 6.0 Dodging
 - Level 8.0 Stealth
 - Level 8.0 Unarmed Combat
 + Level 4.7 Spellcasting
 - Level 2.0 Hexes
 - Level 3.0 Summonings
 + Level 7.1 Ice Magic
 - Level 6.0 Invocations
 - Level 6.0 Evocations


You had 10 spell levels left.
You knew the following spells:

 Your Spells              Type           Power      Damage    Failure   Level
a - Freeze                Ice            92%        1d9       1%          1
b - Ozocubu's Armour      Ice            23%        N/A       3%          3
c - Frozen Ramparts       Ice            46%        1d7       3%          3
d - Ensorcelled Hibernat  Hex/Ice        32%        N/A       4%          2

Your spell library contained the following spells:

 Spells                   Type           Power      Damage    Failure   Level
 Apportation              Tloc           6%         N/A       22%         1
 Kiss of Death            Conj/Necr      12%        2d6       22%         1
 Sandblast                Erth           6%         2d5       22%         1
 Shock                    Conj/Air       12%        1d3       22%         1
 Summon Ice Beast         Ice/Summ       17%        N/A       26%         4
 Confusing Touch          Hex            8%         N/A       28%         3
 Passwall                 Tmut/Erth      2%         N/A       32%         2
 Stone Arrow              Conj/Erth      6%         3d7       54%         3
 Swiftness                Air            3%         N/A       54%         3
 Airstrike                Air            1%         2d(1-17)  91%         4
 Dispel Undead            Necr           3%         3d7       91%         4
 Alistair's Intoxication  Tmut/Pois      2%         N/A       99%         5
 Summon Hydra             Summ           5%         N/A       100%        7
 Sublimation of Blood     Necr           Unusable   N/A       N/A         2
 Wereblood                Tmut           Unusable   N/A       N/A         2

Dungeon Overview and Level Annotations

Branches:
Dungeon (11/15)            Temple (1/1) D:6            Lair (1/5) D:10
    Orc (2/2) D:10            Elf (0/3) Orc:2         Sewer (visited)

Altars:
Ashenzari
Cheibriados
Dithmenos
Fedhas
Gozag
Hepliaklqana
Kikubaaqudgha
Makhleb
Nemelex Xobeh
Okawaru
Qazlal
Ru
Sif Muna
Trog
Uskayaw
Vehumet
Wu Jian
Xom
Yredelemnul

Shops:
D:6 :   D:7 *   D:10 (   Orc:2 *=

Annotations:
Orc:2 2 runed translucent doors, LavenderCorpse's ghost, journeyman DsFi


Innate Abilities, Weirdness & Mutations

You are immune to poison.
You have sharp fingernails.
Your flesh is cold resistant. (rC+)
You are immune to negative energy. (rN+++)
You do not regenerate when monsters are visible.
You are immune to unholy pain and torment.
You thrive by killing the living.


Message History

The ogre looks frightened!
The ogre shouts!
The ogre looks frightened!
You hear a bark! x2
A hell hound comes into view.
The orc wizard mumbles some strange words.
The orc wizard flickers and vanishes!
Deactivating autopickup; reactivate with Ctrl-A.
The ogre shouts, "No!
I'll never do that again!"
The ogre pleads, "Please don't kill me!"
The troll looks desperately for an escape route.
You hear a shout!
Cornered, the orc warrior turns to fight!
The ogre gibbers meaninglessly.
The ogre cries, "Mercy!"
Cornered, the troll turns to fight!
The ogre mage mumbles some strange words.
The ogre mage flickers and vanishes!
You hear a shout!
You feel stable enough to blink again.
Cornered, the orc priest turns to fight!
Cornered, the orc turns to fight!
The two-headed ogre cries, "Mercy!"
Cornered, the ogre turns to fight!
The two-headed ogre looks desperately for an escape route.
Unknown command.
The orc priest miscasts a cantrip.
A two-headed ogre comes into view.
It is wielding a +0 giant spiked club and a +0 giant club.
Unknown command.
You blink.
The cyclops seems to regain its courage.
An ogre comes into view. It is wielding a +0 giant club.
You hear some strange, mumbled words.
The ogre seems to speed up.
The cyclops throws a large rock.
The large rock misses you.
As you read the scroll of teleportation, it crumbles to dust.
You feel strangely unstable.
The two-headed ogre seems to regain its courage.
The cyclops throws a large rock.
The large rock hits you!
You die...

....... ........#
........... ... ...#
.........o# #.....##
.#........# ..#...#
#.........## #)..# #
#........$.######.# ###
..........##.##..#####..
................oOh#....
.......@..O..O....OT....
...........oooT.O#O#.#..
..............o.T######.
....##........#.## #.
.O. ......O.C#### ## ..
..∩...O...O# # O
#..oO..∩.T## .#T.....T##
...


You could see 4 two-headed ogres, a cyclops, 4 trolls, 2 orc warriors, 4 ogres,
3 orc priests and an orc.

Vanquished Creatures
  3 two-headed ogres
  A deep elf pyromancer (D:9)
  An orc sorcerer (Orc:1)
  An elephant (Lair:1)
  A gargoyle (D:11)
  Maggie (D:6)
  2 komodo dragons
  Psyche (D:8)
  4 trolls
  Prince Ribbit (D:8)
  A shadow (D:11)
  12 yaks
  A wyvern (D:9)
  2 wraiths (D:11)
  A vampire (D:9)
  Eustachio (D:6)
  4 wargs
  A water moccasin (Lair:1)
  13 orc warriors
  An ice beast (D:8)
  5 ogres
  A phantom (D:6)
  4 centaurs
  4 bullfrogs
  A scorpion (D:6)
  5 wights
  7 killer bees
  5 howler monkeys
  2 hounds
  4 jellies
  7 orc priests
  An iguana (D:4)
  A sleepcap (D:8)
  16 orc wizards
  5 gnolls
  6 adders
  4 river rats (Sewer)
  A white imp (D:6)
  2 adder skeletons (D:3)
  3 worms
  5 dart slugs
  56 orcs
  11 endoplasms
  7 giant cockroaches
  6 goblins
  11 hobgoblins
  13 jackals
  3 quokkas
  11 ball pythons
  18 bats
  6 frilled lizards
  A jackal skeleton (D:3)
  9 kobolds
  A quokka skeleton (D:3)
  6 rats
301 creatures vanquished.

Notes
Turn   | Place    | Note
-------+----------+-------------------------------------------
     0 | D:1      | Destapler the Ghoul Ice Elementalist began the quest for
                  | the Orb.
     0 | D:1      | Reached XP level 1. HP: 14/14 MP: 2/2
   262 | D:1      | Reached XP level 2. HP: 22/22 MP: 1/3
   434 | D:1      | Reached skill level 1 in Fighting
   434 | D:1      | Reached skill level 1 in Unarmed Combat
   434 | D:1      | Reached XP level 3. HP: 26/28 MP: 0/5
   449 | D:1      | Learned a level 3 spell: Ozocubu's Armour
  1333 | D:2      | Reached XP level 4. HP: 26/35 MP: 1/6
  2165 | D:3      | Reached XP level 5. HP: 25/41 MP: 1/7
  2241 | D:3      | Found a glowing drain.
  2253 | Sewer    | Entered a sewer
  2335 | Sewer    | Learned a level 3 spell: Frozen Ramparts
  2544 | Sewer    | Reached skill level 5 in Ice Magic
  2787 | Sewer    | Reached XP level 6. HP: 48/48 MP: 8/8
  3247 | D:3      | Identified the +2 leather armour of Uplimp {Contam Fly
                  | rPois Dex+2}
  3595 | D:3      | Found a faded altar of an unknown god.
  3722 | D:3      | You fall into a shaft and drop 3 floors!
  3764 | D:5      | Entered Level 5 of the Dungeon
  4023 | D:4      | Reached XP level 7. HP: 55/55 MP: 0/10
  4286 | D:4      | Found a stormy altar of Qazlal.
  5143 | D:5      | Reached skill level 1 in Summonings
  6008 | D:6      | Reached skill level 1 in Armour
  6171 | D:6      | Found a sparkling altar of Nemelex Xobeh.
  6313 | D:6      | Found a staircase to the Ecumenical Temple.
  6316 | D:6      | Found Alain's Book Emporium.
  6329 | Temple   | Entered the Ecumenical Temple
  6503 | Temple   | Became a worshipper of Makhleb the Destroyer
  6693 | D:6      | Reached skill level 1 in Invocations
  6693 | D:6      | Reached XP level 8. HP: 15/62 MP: 12/12
  6912 | D:6      | Noticed Eustachio
  6913 | D:6      | Noticed Maggie
  6936 | D:6      | Killed Eustachio
  6937 | D:6      | Reached skill level 1 in Evocations
  6951 | D:6      | Killed Maggie
  7590 | D:7      | Found Orhuwk's Neck Hole.
  7642 | D:7      | Bought an amulet of magic regeneration for 300 gold pieces
  7949 | D:7      | Identified the ring of Jealousy {+Blink rC++ MP+9}
  8439 | D:7      | Reached XP level 9. HP: 36/71 MP: 13/13
  8717 | D:8      | Noticed a two-headed ogre
  8773 | D:8      | Noticed Prince Ribbit
  9055 | D:8      | Noticed Psyche
  9064 | D:8      | Killed Psyche
  9065 | D:8      | Reached skill level 5 in Stealth
  9099 | D:8      | Noticed a two-headed ogre
  9133 | D:8      | Reached * piety under Makhleb
  9141 | D:8      | Killed a two-headed ogre
  9142 | D:8      | Reached skill level 5 in Fighting
  9142 | D:8      | Reached skill level 5 in Unarmed Combat
  9142 | D:8      | Reached skill level 5 in Invocations
  9272 | D:8      | Found a sacrificial altar of Ru.
  9826 | D:8      | Killed a two-headed ogre
  9827 | D:8      | Reached XP level 10. HP: 66/83 MP: 15/15
  9829 | D:8      | Killed Prince Ribbit
 10753 | D:9      | Noticed a deep elf pyromancer
 11140 | D:9      | Killed a deep elf pyromancer
 11675 | D:10     | Entered Level 10 of the Dungeon
 11757 | D:10     | Found Motzabbesm's Weapon Shop.
 11757 | D:10     | Found a staircase to the Orcish Mines.
 11838 | D:10     | Found an iron altar of Okawaru.
 11886 | D:10     | Learned a level 2 spell: Ensorcelled Hibernation
 11906 | D:10     | Found a staircase to the Lair.
 11948 | Lair:1   | Entered Level 1 of the Lair of Beasts
 11948 | Lair:1   | Noticed an elephant
 11948 | Lair:1   | Noticed an elephant
 11948 | Lair:1   | Noticed an elephant
 11948 | Lair:1   | Noticed an elephant
 11948 | Lair:1   | Noticed an elephant
 11948 | Lair:1   | Noticed an elephant
 12147 | D:10     | Found an ornate altar of the Wu Jian Council.
 12266 | D:10     | Reached skill level 1 in Hexes
 12525 | D:10     | Found an opulent altar of Gozag.
 12590 | D:10     | Found an ancient bone altar of Kikubaaqudgha.
 12784 | Orc:1    | Entered Level 1 of the Orcish Mines
 12857 | D:10     | Reached skill level 5 in Evocations
 13017 | D:11     | Reached XP level 11. HP: 41/92 MP: 16/16
 13955 | D:11     | Reached ** piety under Makhleb
 13968 | D:11     | Reached skill level 5 in Dodging
 14350 | D:11     | Noticed a two-headed ogre
 14359 | D:11     | Killed a two-headed ogre
 14830 | Lair:1   | HP: 4/94 [elephant (2)]
 16170 | Orc:2    | Entered Level 2 of the Orcish Mines
 16310 | Orc:2    | Noticed an orc sorcerer
 16327 | Orc:1    | Killed an orc sorcerer
 16360 | Orc:2    | Reached *** piety under Makhleb
 16560 | Orc:2    | Found a staircase to the Elven Halls.
 16717 | Orc:2    | Found a large runed translucent door.
 16717 | Orc:2    | Found a large runed translucent door.
 16721 | Orc:2    | Noticed LavenderCorpse's ghost (journeyman DsFi)
 16754 | Orc:2    | Found Hauwus's Jewellery Shoppe.
 16763 | Orc:2    | Noticed a two-headed ogre
 16766 | Orc:2    | Noticed a cyclops
 16769 | Orc:2    | Noticed a two-headed ogre
 16769 | Orc:2    | Noticed a two-headed ogre
 16769 | Orc:2    | Noticed a cyclops
 16769 | Orc:2    | Noticed a two-headed ogre
 16769 | Orc:2    | Noticed an ogre mage
 16769 | Orc:2    | Noticed a two-headed ogre
 16771 | Orc:2    | Noticed a deep troll
 16771 | Orc:2    | Noticed a two-headed ogre
 16774 | Orc:2    | Found Qoarph's Assorted Antiques.
 16774 | Orc:2    | Noticed a two-headed ogre
 16779 | Orc:2    | Noticed a two-headed ogre
 16780 | Orc:2    | Hit by a large rock thrown by a cyclops

Illustrated notes

Levels and vault maps discovered:
D:1:      nagdon_arrival_zigzag_paths, layout_basic
D:2:      layout_rooms, kennysheep_cross_room
D:3:      layout_basic, dreamdust_divine_triumvirate, serial_undead,
          serial_undead_f, serial_undead_b, serial_undead_a, serial_undead_f,
          serial_undead_d, serial_undead_e, cheibrodos_sewer_entry_sluice,
          chequers_ecumenical_altar_grove, chequers_serial_rivers_room_a
D:4:      layout_rooms, mainiacjoe_overflow_catwalk
D:5:      layout_loops_ring, kennysheep_path_1
D:6:      layout_loops_cross, mainiacjoe_overflow_24_doors,
          minmay_temple_entry_offerings, serial_shops, nicolae_stop_n_shop_2,
          uniq_eustachio, uniq_maggie
D:7:      layout_loops_ring, nicolae_shop_sticking_my_neck_out
D:8:      layout_loops_ring, nicolae_ru_awakened_eye, grunt_ministairs_6,
          uniq_psyche, uniq_prince_ribbit1
D:9:      layout_loops_corners, guppyfry_early_elven_hall
D:10:     layout_basic, mainiacjoe_overflow_paths, grunt_gozag_statues,
          mainiacjoe_overflow_tiny_flanked, mainiacjoe_overflow_brackets,
          david_lair_shrubbed, orc_david_3
D:11:     layout_basic, st_stairs_14
Temple:   minmay_temple_bridge_abc
Lair:1:   layout_cave_shapes, uniq_gastronok
Orc:1:    layout_caves, nicolae_orc_rockfall
Orc:2:    st_orc_open, layout_caves, ebering_ghost_disaster_area, basic_altar,
          uniq_azrael

Skill      XL: |  1  2  3  4  5  6  7  8  9 10 11 |
---------------+----------------------------------+-----
Fighting       | 1 2 3 6 7 8 |  8.0
Dodging        | 2 3 4 6 |  6.0
Unarmed Combat | 1 2 3 4 6 7 8 |  8.0
Spellcasting   | 2 3 4 |  4.7
Stealth        | 3 4 5 6 8 |  8.0
Ice Magic      | 5 6 7 |  7.1
Summonings     | 1 2 3 |  3.0
Armour         | 1 2 4 |  4.0
Invocations    | 1 3 6 |  6.0
Evocations     | 2 4 5 6 |  6.0
Hexes          | 1 2 |  2.0

Action                     |  1- 3 |  4- 6 |  7- 9 | 10-12 || total
---------------------------+-------+-------+-------+-------++-------
  Melee: Unarmed           |    94 |   157 |   200 |   274 ||   725
         Punch             |       |     3 |     6 |    15 ||    24
   Cast: Freeze            |    33 |    51 |    99 |   187 ||   370
         Ozocubu's Armour  |     2 |    14 |    13 |    46 ||    75
         Frozen Ramparts   |       |     9 |    20 |    43 ||    72
         Ensorcelled Hiber |       |       |       |     3 ||     3
 Invoke: Minor Destruction |       |       |       |     7 ||     7
         Lesser Servant of |       |       |       |     1 ||     1
Ability: Evoke Blink       |       |       |       |     4 ||     4
  Evoke: Wand              |       |       |     8 |     7 ||    15
         Condenser vane    |       |       |       |     1 ||     1
    Use: Scroll            |       |     8 |     4 |     8 ||    20
         Potion            |       |     5 |     3 |     6 ||    14
   Stab: Sleeping          |     3 |     2 |       |     2 ||     7
         Distracted        |       |       |       |     1 ||     1
         Invisible         |       |       |       |     1 ||     1
 Armour: Robe              |    51 |   103 |    24 |       ||   178
         Leather armour    |       |       |    41 |   170 ||   211
  Dodge: Dodged            |   101 |   184 |   200 |   588 ||  1073
